Map: Deathaura LE

Players

BEASTMODE - Winner!

  • Race: Terran Terran
  • Spawn Location: 5:00

andyH

  • Race: Terran Terran
  • League: Diamond
  • Spawn Location: 11:00

VOD

Have the link to the VOD?

Description

Time

  • Played on: Aug. 5, 2020, 5:41 a.m.
  • Length: 18:16
Show
View Real Time Build Order
Export as new Build Order

BEASTMODE Terran - Winner!

Build Orders: Liberator Opening 

Get SALT Encoding   

  12  0:00  SCV  
  13  0:13  SCV  
  14  0:20  Supply Depot  
  14  0:25  SCV  
  15  0:35  Refinery  
  15  0:41  SCV  
  16  0:49  Barracks  
  16  0:53  SCV  
  17  0:57  Refinery  
  17  1:05  SCV  
  18  1:18  SCV  
  19  1:23  Supply Depot  
  19  1:30  SCV  
  21  1:41  Marine  
  21  1:42  SCV, Factory  
  23  1:54  SCV  
  23  1:58  Marine  
  24  2:04  Supply Depot  
  24  2:06  SCV  
  25  2:16  Marine  
  25  2:18  SCV  
  27  2:27  Factory Tech Lab  
  27  2:31  Starport  
  27  2:37  Supply Depot  
  27  2:38  Marine  
  28  2:46  Siege Tank  
  31  2:56  Marine  
  32  3:03  Supply Depot  
  32  3:09  Liberator  
  35  3:16  Barracks  
  35  3:21  Siege Tank  
  35  3:25  Marine  
  39  3:51  Liberator  
  39  3:54  Widow Mine  
  44  3:58  Marine  
  45  4:18  Widow Mine, Armory  
  45  4:33  Supply Depot  
  42  4:48  Engineering Bay  
  28  6:56  Command Center  
  27  7:17  Supply Depot  
  27  7:19  Supply Depot  
  27  8:36  SCV  
  28  8:44  SCV  
  27  9:18  SCV  
  27  9:19  Viking  
  27  9:24  Hellion  
  32  9:30  SCV  
  33  9:34  SCV  
  34  9:42  SCV  
  34  9:45  Hellion  
  37  9:46  SCV  
  37  9:49  Viking  
  40  9:54  SCV  
  41  10:00  SCV  
  41  10:01  Refinery  
  42  10:11  SCV  
  43  10:18  Refinery  
  43  10:23  SCV  
  44  10:35  SCV  
  45  10:47  SCV  
  46  10:57  Supply Depot  
  46  10:58  Supply Depot  
  46  11:00  Refinery  
  46  11:19  SCV, Viking  
  49  11:31  SCV  
  46  11:43  SCV  
  45  11:47  Hellion  
  45  12:00  Viking  
  47  12:02  Factory  
  47  12:03  SCV  
  47  12:05  Refinery  
  50  12:08  Hellion  
  50  12:15  SCV  
  48  12:27  SCV  
  48  12:28  SCV  
  52  12:30  Supply Depot, Hellion, Viking  
  52  12:32  Barracks  
  52  12:35  Barracks  
  54  12:39  SCV  
  54  12:40  SCV  
  56  12:47  Widow Mine  
  56  12:50  Armory  
  60  12:51  SCV, Widow Mine  
  60  12:52  Supply Depot  
  53  13:11  Widow Mine  
  50  13:12  Widow Mine  
  49  13:21  Starport Tech Lab  
  49  13:24  SCV  
  47  13:29  Engineering Bay  
  47  13:32  Widow Mine  
  47  13:36  SCV  
  44  14:08  Raven  
  39  14:51  Raven  
  41  14:59  Widow Mine x2  
  45  15:04  Command Center  
  41  15:34  Raven  
  43  15:40  Factory Tech Lab  
  43  15:52  Marine x2  
  45  16:09  Marine x2  
  47  16:25  Factory Tech Lab  
  47  16:27  Marine x2  
  49  17:04  SCV  
  49  17:07  Cyclone  
  49  17:08  Cyclone  
  56  17:11  Supply Depot  
  56  17:13  Missile Turret  
  56  17:14  Missile Turret  
  56  17:16  SCV  
  57  17:28  SCV  
  58  17:47  Refinery  
Show
View Real Time Build Order
Export as new Build Order

andyH Terran 

Build Orders: 1/1/1, Liberator Opening 

Get SALT Encoding   

  12  0:02  SCV  
  14  0:14  SCV  
  14  0:17  Supply Depot  
  14  0:26  SCV  
  15  0:39  SCV  
  15  0:41  Barracks  
  16  0:50  Refinery  
  16  0:51  SCV  
  16  0:56  Refinery  
  17  1:03  SCV  
  18  1:15  SCV  
  19  1:27  SCV  
  19  1:29  Supply Depot  
  19  1:30  Marine  
  21  1:39  SCV, Factory  
  22  1:49  Marine  
  22  1:51  SCV  
  24  2:03  SCV  
  25  2:18  Orbital Command, Barracks Tech Lab  
  25  2:24  Starport  
  25  2:42  Siege Tank  
  28  2:45  SCV  
  29  2:59  SCV  
  29  3:03  Liberator  
  33  3:14  Command Center  
  33  3:19  Siege Tank  
  36  3:22  SCV  
  37  3:33  Supply Depot  
  37  3:34  SCV  
  38  3:42  Refinery  
  38  3:46  SCV  
  39  3:51  Viking  
  41  4:03  Siege Tank  
  41  4:08  SCV  
  45  4:11  Barracks Reactor  
  45  4:20  SCV  
  46  4:38  Siege Tank  
  49  4:39  Viking  
  49  4:43  SCV  
  33  5:18  Viking  
  23  5:48  Viking  
  12  7:02  Orbital Command  
  12  7:05  SCV  
  13  7:17  SCV  
  14  7:29  SCV  
  15  7:41  SCV  
  16  7:53  SCV  
  17  8:05  SCV  
  18  8:17  SCV  
  16  8:29  SCV  
  16  8:31  Refinery  
  16  8:32  Refinery  
  17  8:41  SCV  
  17  8:42  Supply Depot  
  15  9:11  SCV  
  16  9:23  SCV  
  17  9:27  SCV  
  18  9:35  SCV  
  18  9:39  SCV  
  18  9:41  Viking  
  21  9:51  SCV  
  19  10:03  SCV  
  20  10:11  Viking  
  22  10:15  SCV  
  23  10:27  SCV  
  24  10:39  SCV  
  25  10:54  SCV  
  25  10:56  SCV  
  25  11:00  Viking  
  27  11:06  SCV  
  27  11:08  Barracks  
  28  11:15  Cloaking Field  
  16  11:49  Banshee  
  16  11:51  SCV  
  18  12:32  SCV  
  20  12:44  SCV  
  20  12:49  Banshee  
  21  13:06  SCV  
  22  13:18  SCV  
  23  13:20  SCV  
  24  13:30  SCV  
  23  13:42  SCV  
  24  13:54  SCV  
  25  14:07  SCV  
  18  14:19  SCV  
  18  14:20  Banshee  
  19  14:27  Orbital Command  
  19  14:31  SCV  
  20  14:43  SCV  
  21  14:49  Refinery x2  
  18  14:55  SCV  
  19  15:01  SCV  
  20  15:07  SCV  
  20  15:13  SCV  
  22  15:19  SCV  
  11  15:37  SCV  
  11  15:39  Unknown  
  11  15:43  Unknown  
  11  15:49  SCV  
  12  16:02  SCV  
  12  16:06  SCV  
  13  16:18  SCV  
  12  16:30  SCV  
  13  16:34  Factory  
  13  16:42  SCV  
  14  16:48  Marine  
  11  16:54  SCV  
  11  16:58  Orbital Command  
  11  17:05  Marine  
  11  17:06  SCV  
  12  17:23  Marine  
  9  17:41  Marine  
Tags
 
Add a new tag
Caveats
  • Supply blocks, unpowered buildings, or Contaminate may cause inaccurate times.
  • Supply counts are checked every 10 seconds.